 Dungeon Crawl Stone Soup version 0.31.0-9-g3a7656b989 (webtiles) character file.

Game seed: 15683192399153238235

170 qw the Ducker (level 5, -3/25 HPs)
             Began as a Spriggan Hunter on Feb 2, 2024.
             Incinerated by a bombardier beetle (5 damage)
             ... with a burning spray
             ... on level 4 of the Dungeon.
             The game lasted 00:00:09 (1380 turns).

qw the Ducker (Spriggan Hunter)                     Turns: 1380, Time: 00:00:10

Health: -3/25      AC:  2    Str:  7    XL:     5   Next: 26%
Magic:  6/6        EV: 23    Int: 10    God:
Gold:   210        SH:  0    Dex: 27    Spells: 4/4 levels left

rFire   . . .        a - +0 shortbow
rCold   . . .        (shield currently unavailable)
rNeg    . . .        c - +0 robe
rPois   .            (helmet restricted)
rElec   .            (no cloak)
rCorr   .            (gloves unavailable)
SInv    +            (boots unavailable)
Will    .....        b - amulet of faith
Stlth   +            d - +6 ring of dexterity
HPRegen 0.24/turn    (no ring)
MPRegen 0.10/turn

%: faith
@: on fire, glowing, very quick
A: very small, no large weapons, unfitting armour, see invisible, speed 3
a: no special abilities


You were on level 4 of the Dungeon.
You visited 1 branch of the dungeon, and saw 4 of its levels.

You collected 210 gold pieces.


Innate Abilities, Weirdness & Mutations

You are very small and have problems with some larger weapons.
You are too small for most types of armour.
You have supernaturally acute eyesight. (SInv)
You cover ground extremely quickly. (Speed+++)


   Skills:
 + Level 1.5 Fighting
 - Level 5.0 Ranged Weapons
 - Level 6.2 Dodging
 - Level 1.5 Stealth


You had 4 spell levels left.
You didn't know any spells.
Your spell library was empty.

Inventory:

Hand Weapons
 a - a +0 shortbow (weapon)
Armour
 c - a +0 robe (worn)
Jewellery
 b - an amulet of faith (around neck)
 d - a +6 ring of dexterity (left hand)
Potions
 g - a potion of might
 h - a potion of mutation

Dungeon Overview and Level Annotations

Branches:
Dungeon (4/15)
 Temple: D:4-7

Altars:
Dithmenos
The Shining One

Shops:
D:1 :

Annotations:
D:3 exclusion: 2 hobgoblins, Robin


Message History

You kill the giant cockroach!
Found a stone staircase leading up.
A bombardier beetle comes into view.
You shoot an arrow.
The arrow hits the bombardier beetle but does no damage.
You shoot an arrow.
The arrow barely misses the bombardier beetle.
You shoot an arrow. The arrow hits the bombardier beetle.
The bombardier beetle is moderately wounded.
You shoot an arrow.
The arrow barely misses the bombardier beetle.
You shoot an arrow. The arrow hits the bombardier beetle.
The bombardier beetle is heavily wounded.
You shoot an arrow. The arrow hits the bombardier beetle.
The bombardier beetle is almost dead.
You shoot an arrow.
The arrow hits the bombardier beetle but does no damage.
The bombardier beetle is almost dead.
The bombardier beetle sprays incendiary fluid at you.
The burning spray hits you.
You are covered in liquid fire!
You shoot an arrow. The arrow hits the bombardier beetle!
You kill the bombardier beetle!
The liquid fire burns you!
Your Dodging skill increases to level 6!
You are on fire!
The liquid fire burns you!
You are on fire!
The liquid fire burns you!
You are on fire!
The liquid fire burns you!
You are on fire!
The liquid fire burns you!
You are on fire!
The liquid fire burns you!
You are on fire!
The liquid fire burns you!
You are on fire!
The liquid fire burns you!
You die...

#.. #..# #.. #..#
#.$# #..# #..#
#..# ##..# #..#
#...# #..#
##...##.<. #..#
###.@......#
#..###.........##
##......#...%..#
#.<...####......
##....# ###...
#....# .. ####.#
# ##.# ##


There were no monsters in sight!

Vanquished Creatures
  A bombardier beetle (D:4)
  An orc wizard (D:3)
  4 adders
  A dart slug (D:1)
  A ribbon worm (D:2)
  6 orcs (D:3)
  4 bats
  9 endoplasms (D:1)
  3 giant cockroaches
  11 goblins
  6 hobgoblins
  2 jackals (D:3)
  A quokka (D:1)
  5 ball pythons
  5 frilled lizards
  5 kobolds
  A rat (D:3)
66 creatures vanquished.

Notes
Turn   | Place    | Note
-------+----------+-------------------------------------------
     0 | D:1      | qw the Spriggan Hunter began the quest for the Orb.
     0 | D:1      | Reached XP level 1. HP: 10/10 MP: 2/2
     0 | D:1      | 0 ||| qw: Version: 0.3-a-155-g5e7d8dd
     0 | D:1      | 0 ||| qw: Game counter: 2188
     0 | D:1      | 0 ||| qw: Melee chars always use a shield: true
     0 | D:1      | 0 ||| qw: God list: Okawaru
     0 | D:1      | 0 ||| qw: Allow faded altars: false
     0 | D:1      | 0 ||| qw: Do Orc after clearing Dungeon:15 true
     0 | D:1      | 0 ||| qw: Do second Lair branch before Depths: true
     0 | D:1      | 0 ||| qw: Lair rune preference: random
     0 | D:1      | 0 ||| qw: Goals: Normal
     0 | D:1      | 0 ||| PLANNING D:1-11
    23 | D:1      | Reached skill level 3 in Dodging
    56 | D:1      | Reached XP level 2. HP: 14/14 MP: 3/3
   130 | D:1      | Reached skill level 4 in Dodging
   320 | D:1      | Reached XP level 3. HP: 18/18 MP: 4/4
   411 | D:1      | Found Lyselum's Book Shop.
   458 | D:1      | 458 ||| READING 2 scrolls labelled SELAH ZEL JUS.
   458 | D:1      | 458 ||| IDENTIFYING orange potion
   459 | D:1      | 459 ||| READING scroll of identify.
   459 | D:1      | 459 ||| IDENTIFYING 2 coppery potions
   460 | D:1      | 460 ||| DRINKING 2 fizzy cyan potions.
   461 | D:1      | 461 ||| DROPPING scroll of butterflies.
   462 | D:1      | 462 ||| DROPPING 2 potions of invisibility.
   463 | D:1      | 463 ||| DROPPING potion of ambrosia.
   853 | D:2      | 853 ||| UPGRADING to +6 ring of dexterity.
   854 | D:2      | 854 ||| READING scroll of identify.
   854 | D:2      | 854 ||| IDENTIFYING blue potion
   855 | D:2      | 855 ||| READING scroll labelled ROUSANKOEMP.
   856 | D:2      | 856 ||| READING scroll labelled BIWEUNG PIWNYO.
   857 | D:2      | 857 ||| DRINKING 2 ruby potions.
   858 | D:2      | 858 ||| DROPPING potion of magic.
   927 | D:3      | Found a shadowy altar of Dithmenos.
   945 | D:3      | 945 ||| DRINKING lumpy white potion.
   958 | D:3      | Reached skill level 5 in Dodging
   958 | D:3      | Reached XP level 4. HP: 20/22 MP: 5/5
  1111 | D:3      | Found a glowing golden altar of the Shining One.
  1112 | D:3      | Noticed Robin
  1125 | D:3      | 1125 ||| READING scroll of identify.
  1125 | D:3      | 1125 ||| IDENTIFYING scroll labelled UBOHIARORR
  1126 | D:3      | 1126 ||| DROPPING scroll of torment.
  1336 | D:3      | 1336 ||| UPGRADING to amulet of faith.
  1354 | D:4      | Reached XP level 5. HP: 25/25 MP: 6/6
  1374 | D:4      | Reached skill level 6 in Dodging
  1378 | D:4      | HP: 5/25 [burnt (4)]
  1379 | D:4      | HP: 1/25 [burnt (4)]
  1380 | D:4      | Incinerated by a bombardier beetle

Levels and vault maps discovered:
D:1:      minmay_arrival_shattered_statue, layout_rooms, serial_shops,
          nicolae_shop_rolling_square, serial_curves, eino_curves_02,
          eino_curves_03
D:2:      layout_rooms
D:3:      cheibrodos_old_hovel, layout_rooms,
          mainiacjoe_overflow_concentric_impassable, grunt_dithmenos_smoke,
          uniq_robin
D:4:      kennysheep_goblin_castle, layout_layer_cave,
          minmay_temple_entry_oklob, kennysheep_generic_room_15

Skill      XL: |  1  2  3  4  5 |
---------------+----------------+-----
Dodging        | 3 4 5 6 |  6.2
Ranged Weapons | 5 |  5.0
Fighting       | |  1.5
Stealth        | |  1.5

Action                     |  1- 3 |  4- 6 || total
---------------------------+-------+-------++-------
   Fire: Shortbow          |   104 |    66 ||   170
    Use: Scroll            |     5 |     1 ||     6
         Potion            |     3 |       ||     3
 Armour: Robe              |     4 |     2 ||     6
  Dodge: Dodged            |    14 |    10 ||    24

Table legend:
 A = Non-vault XP
 B = Vault XP
 C = Vault XP percentage of total XP
 D = Non-vault monster count
 E = Vault monster count
 F = Vault count percentage of total count
                 A         B        C        D         E       F
            +---------+---------+-------+---------+---------+-------
      Total |     215 |      29 |  11.9 |      56 |      10 |  15.2
            +---------+---------+-------+---------+---------+-------
        D:1 |      41 |       0 |   0.0 |      22 |       0 |   0.0
        D:2 |      33 |       0 |   0.0 |      12 |       0 |   0.0
        D:3 |      84 |      29 |  25.7 |      19 |      10 |  34.5
        D:4 |      57 |       0 |   0.0 |       3 |       0 |   0.0
            +---------+---------+-------+---------+---------+-------
